SNL (28 & UNDER)
WEST VIRGINIA POWER @ SANTA FE DIABLOS
04/09/2028
 
TOP OF THE 1ST
West Virginia Power batting - Pitching for Santa Fe Diablos : LHP Allen Purss
Pitching: LHP Allen Purss
Batting: RHB Luis Quezada 0-0: Called Strike
0-1: SINGLE (Groundball, 25) (infield hit)
Batting: RHB Pedro Echevarría 0-0: Ball
1-0: Ball
2-0: SINGLE (Flyball, 9S)
Luis Quezada to second
Runner from 2nd tries for 3rd, SAFE, no throw
Batting: LHB Ken Nelson 0-0: Ball
1-0: Called Strike
1-1: Ball
2-1: Swinging Strike
2-2: Foul Ball, location: 2F
2-2: SINGLE (Groundball, 4MD)
Luis Quezada scores
Pedro Echevarría to second
Runner from 2nd tries for 3rd, SAFE, throw made to third
Ken Nelson to second
Batting: SHB Waylon Adams 0-0: Ball
1-0: SINGLE (Line Drive, 9S)
Pedro Echevarría scores
Ken Nelson to third
Runner from 3rd tries for Home, SAFE, throw made home
Batting: RHB Tony Parker 0-0: Called Strike
0-1: Ball
1-1: Ball
2-1: Ball
3-1: Called Strike
3-2: Strikes out looking
Batting: RHB Blair Whitehead 0-0: Foul Ball, location: 2F
0-1: Swinging Strike
0-2: Ball
1-2: SINGLE (Line Drive, 89M)
Waylon Adams to second
Batting: SHB Thomas Simmons 0-0: Ball
1-0: Called Strike
1-1: Called Strike
1-2: Strikes out looking
Batting: LHB Wally Harris 0-0: Ball
1-0: Swinging Strike
1-1: Ball
2-1: Ball
3-1: Base on Balls
Waylon Adams to third
Blair Whitehead to second
Batting: RHB Piotr Zahn 0-0: Ball
1-0: Called Strike
1-1: Ball
2-1: Ball
3-1: Foul Ball, location: 2F
3-2: DOUBLE (Line Drive, 7LS)
Waylon Adams scores
Blair Whitehead scores
Wally Harris to third
Wally Harris scores
Batting: RHB Luis Quezada 0-0: Ball
1-0: SINGLE (Groundball, 6MD)
Piotr Zahn to third
Runner from 3rd tries for Home, SAFE, no throw
Batting: RHB Pedro Echevarría 0-0: Called Strike
Luis Quezada steals 2nd base
0-1: Called Strike
0-2: Ball
1-2: Strikes out swinging
Top of the 1st over - 7 run(s), 7 hit(s), 0 error(s), 1 left on base; West Virginia 7 - Santa Fe 0
BOTTOM OF THE 1ST
Santa Fe Diablos batting - Pitching for West Virginia Power : RHP Brad Flores
Pitching: RHP Brad Flores
Batting: SHB Pancho Vásquez 0-0: Ball
1-0: Ball
2-0: Ball
3-0: Base on Balls
Batting: LHB David Hernández 0-0: Ball
1-0: Ball
2-0: Fly out, F7 (Flyball, 78M)
Batting: LHB Michael Barrett 0-0: Ball
Pancho Vásquez steals 2nd base
1-0: Called Strike
1-1: Ball
2-1: Ball
3-1: Foul Ball, location: 2F
3-2: SINGLE (Groundball, 4MD)
Pancho Vásquez to third
Runner from 3rd tries for Home, SAFE, no throw
Batting: LHB John Bond 0-0: Called Strike
0-1: Ball
1-1: Ball
2-1: Ball
3-1: SINGLE (Groundball, 56D)
Michael Barrett to second
Batting: RHB Frank Martínez 0-0: Ball
1-0: Foul Ball, location: 2F
1-1: Ball
2-1: Foul Ball, location: 2F
2-2: Ball
3-2: Strikes out looking
Batting: LHB Juan Torres 0-0: Ball
1-0: Foul Ball, location: 2F
1-1: Ball
2-1: SINGLE (Groundball, 6MD)
Michael Barrett to third
John Bond to second
Runner from 3rd tries for Home, SAFE, throw made home
Batting: LHB Luis Torres 0-0: Foul Ball, location: 2F
0-1: Called Strike
0-2: Strikes out looking
Bottom of the 1st over - 2 run(s), 3 hit(s), 0 error(s), 2 left on base; West Virginia 7 - Santa Fe 2
TOP OF THE 2ND
West Virginia Power batting - Pitching for Santa Fe Diablos : LHP Allen Purss
Batting: LHB Ken Nelson 0-0: Fly out, F7 (Flyball, 7S)
Batting: SHB Waylon Adams 0-0: Foul Ball, location: 2F
0-1: Ball
1-1: Ball
2-1: SINGLE (Groundball, 3D)
Batting: RHB Tony Parker 0-0: Ball
Pickoff Throw to First - Out!
1-0: Ball
2-0: Ground out 4-3 (Groundball, 4)
Top of the 2nd over - 0 run(s), 1 hit(s), 0 error(s), 0 left on base; West Virginia 7 - Santa Fe 2
BOTTOM OF THE 2ND
Santa Fe Diablos batting - Pitching for West Virginia Power : RHP Brad Flores
Batting: RHB Félix Campos 0-0: Called Strike
0-1: Ground out 5-3 (Groundball, 56S)
Batting: LHB Javier Martínez 0-0: Ball
1-0: Ball
2-0: Swinging Strike
2-1: Swinging Strike
2-2: Ball
3-2: Foul Ball, location: 2F
3-2: Base on Balls
Batting: SHB Pancho Vásquez 0-0: Fielders Choice at 2nd, 4-6 (Groundball, 34)
Batting: LHB David Hernández 0-0: Ball
Pancho Vásquez steals 2nd base
1-0: Ball
2-0: Ball
3-0: Base on Balls
Batting: LHB Michael Barrett 0-0: Called Strike
0-1: Fly out, F7 (Flyball, 7LM)
Bottom of the 2nd over - 0 run(s), 0 hit(s), 0 error(s), 2 left on base; West Virginia 7 - Santa Fe 2
TOP OF THE 3RD
West Virginia Power batting - Pitching for Santa Fe Diablos : LHP Allen Purss
Batting: RHB Blair Whitehead 0-0: SOLO HOME RUN (Flyball, 78XD), Distance : 416 ft
Pitching: RHP Bill Davis
Batting: SHB Thomas Simmons 0-0: Ground out 5-3 (Groundball, 5)
Batting: LHB Wally Harris 0-0: Fly out, F9 (Flyball, 9)
Batting: RHB Piotr Zahn 0-0: Ball
1-0: Swinging Strike
1-1: Ball
2-1: Foul Ball, location: 2F
2-2: Foul Ball, location: 2F
2-2: Foul Ball, location: 2F
2-2: Fly out, F8 (Flyball, 89D)
Top of the 3rd over - 1 run(s), 1 hit(s), 0 error(s), 0 left on base; West Virginia 8 - Santa Fe 2
BOTTOM OF THE 3RD
Santa Fe Diablos batting - Pitching for West Virginia Power : RHP Brad Flores
Batting: LHB John Bond 0-0: Called Strike
0-1: Swinging Strike
0-2: Ball
1-2: Fly out, F8 (Flyball, 8LM)
Batting: RHB Frank Martínez 0-0: Called Strike
0-1: Ball
1-1: Foul Ball, location: 2F
1-2: Ball
2-2: Foul Ball, location: 2F
2-2: Strikes out swinging
Batting: LHB Juan Torres 0-0: Ball
1-0: Called Strike
1-1: Ball
2-1: Called Strike
2-2: Foul Ball, location: 2F
2-2: SINGLE (Groundball, 56) (infield hit)
Batting: LHB Luis Torres 0-0: Ground out 4-3 (Groundball, 34)
Bottom of the 3rd over - 0 run(s), 1 hit(s), 0 error(s), 1 left on base; West Virginia 8 - Santa Fe 2
TOP OF THE 4TH
West Virginia Power batting - Pitching for Santa Fe Diablos : RHP Bill Davis
Batting: RHB Luis Quezada 0-0: Ball
1-0: Called Strike
1-1: Ball
2-1: Ball
3-1: Fly out, F7 (Flyball, 7)
Batting: RHB Pedro Echevarría 0-0: Ball
1-0: SINGLE (Line Drive, 89S)
Batting: LHB Ken Nelson 0-0: Ball
1-0: Called Strike
1-1: Ball
2-1: Ball
3-1: Fly out, F7 (Line Drive, 7S)
Batting: SHB Waylon Adams 0-0: Ball
Pickoff Throw to First - Error! E1
Pedro Echevarría to second
1-0: Called Strike
1-1: Ball
2-1: Ball
3-1: Foul Ball, location: 2F
3-2: Fly out, F7 (Line Drive, 7LS)
Top of the 4th over - 0 run(s), 1 hit(s), 1 error(s), 1 left on base; West Virginia 8 - Santa Fe 2
BOTTOM OF THE 4TH
Santa Fe Diablos batting - Pitching for West Virginia Power : RHP Brad Flores
Batting: RHB Félix Campos 0-0: Called Strike
0-1: Foul Ball, location: 2F
0-2: Strikes out swinging
Batting: LHB Javier Martínez 0-0: Foul Ball, location: 2F
0-1: Foul Ball, location: 2F
0-2: Ball
1-2: Foul Ball, location: 2F
1-2: Ball
2-2: Fly out, F7 (Flyball, 7)
Batting: SHB Pancho Vásquez 0-0: Ball
1-0: Foul Ball, location: 2F
1-1: SINGLE (Groundball, 4MD)
Batting: LHB David Hernández 0-0: Ball
Pancho Vásquez steals 2nd base
1-0: Foul Ball, location: 2F
1-1: Ball
2-1: Foul Ball, location: 2F
2-2: Strikes out swinging
Bottom of the 4th over - 0 run(s), 1 hit(s), 0 error(s), 1 left on base; West Virginia 8 - Santa Fe 2
TOP OF THE 5TH
West Virginia Power batting - Pitching for Santa Fe Diablos : RHP Bill Davis
Batting: RHB Tony Parker 0-0: Ball
1-0: Ball
2-0: Ball
3-0: Called Strike
3-1: Called Strike
3-2: Foul Ball, location: 2F
3-2: Strikes out looking
Batting: RHB Blair Whitehead 0-0: Ball
1-0: Ball
2-0: Ball
3-0: Called Strike
3-1: SINGLE (Groundball, 56D)
Batting: SHB Thomas Simmons 0-0: Ball
1-0: Ball
2-0: Fielders Choice at 2nd, 6-4 (Groundball, 56)
Batting: LHB Wally Harris 0-0: Foul Ball, location: 2F
0-1: Ball
1-1: Foul Ball, location: 2F
1-2: Strikes out swinging
Top of the 5th over - 0 run(s), 1 hit(s), 0 error(s), 1 left on base; West Virginia 8 - Santa Fe 2
BOTTOM OF THE 5TH
Santa Fe Diablos batting - Pitching for West Virginia Power : RHP Brad Flores
Batting: LHB Michael Barrett 0-0: Ball
1-0: Ground out 6-3 (Groundball, 6S)
Batting: LHB John Bond 0-0: Ball
1-0: Foul Ball, location: 2F
1-1: Ball
2-1: Foul Ball, location: 2F
2-2: Strikes out swinging
Batting: RHB Frank Martínez 0-0: Ball
1-0: Swinging Strike
1-1: Ball
2-1: Called Strike
2-2: Fly out, F5 (Popup, 5L)
Bottom of the 5th over - 0 run(s), 0 hit(s), 0 error(s), 0 left on base; West Virginia 8 - Santa Fe 2
TOP OF THE 6TH
West Virginia Power batting - Pitching for Santa Fe Diablos : RHP Bill Davis
Pitching: RHP Tomás Marte
Batting: RHB Piotr Zahn 0-0: Ball
1-0: SINGLE (Groundball, 56D)
Batting: RHB Luis Quezada 0-0: Ball
1-0: Ground out 4-3 (Groundball, 4S)
Piotr Zahn to second
Batting: RHB Pedro Echevarría 0-0: Ball
1-0: Ball
2-0: Reached on error, E6 (Groundball, 6)
Piotr Zahn scores
Batting: LHB Ken Nelson 0-0: Foul Ball, location: 2F
0-1: Swinging Strike
0-2: Strikes out swinging
Batting: SHB Waylon Adams 0-0: Ball
1-0: Foul Ball, location: 2F
1-1: Ball
2-1: Foul Ball, location: 2F
2-2: Strikes out swinging
Top of the 6th over - 1 run(s), 1 hit(s), 1 error(s), 1 left on base; West Virginia 9 - Santa Fe 2
BOTTOM OF THE 6TH
Santa Fe Diablos batting - Pitching for West Virginia Power : RHP Brad Flores
Batting: LHB Juan Torres 0-0: Ball
1-0: Ball
2-0: Ball
3-0: Base on Balls
Pitching: RHP Mark Osborne
Batting: LHB Luis Torres 0-0: Ball
1-0: Called Strike
1-1: Fly out, F7 (Flyball, 7)
Batting: RHB Félix Campos 0-0: 2-RUN HOME RUN (Flyball, 78XD), Distance : 414 ft
Batting: LHB Javier Martínez 0-0: Foul Ball, location: 2F
0-1: Ball
1-1: Swinging Strike
1-2: Strikes out swinging
Batting: SHB Pancho Vásquez 0-0: SINGLE (Groundball, 4MD)
Batting: LHB David Hernández 0-0: Ball
1-0: Foul Ball, location: 2F
1-1: Ball
2-1: SINGLE (Line Drive, 6M)
Pancho Vásquez to second
Throwing error, E8
Pancho Vásquez scores
David Hernández to second
Pitching: LHP Roberto Aguilar
Batting: LHB Michael Barrett 0-0: SINGLE (Line Drive, 6MD)
David Hernández to third
Runner from 3rd tries for Home, SAFE, no throw
Batting: LHB John Bond 0-0: Ball
1-0: Ball
2-0: 2-RUN HOME RUN (Flyball, 7D), Distance : 351 ft
Batting: RHB Frank Martínez 0-0: Ball
1-0: Called Strike
1-1: Ball
2-1: SINGLE (Groundball, 56D)
Pitching: RHP António Zapata
Batting: LHB Juan Torres 0-0: Ball
1-0: Called Strike
1-1: Fly out, F7 (Flyball, 7LS)
Bottom of the 6th over - 6 run(s), 6 hit(s), 1 error(s), 1 left on base; West Virginia 9 - Santa Fe 8
TOP OF THE 7TH
West Virginia Power batting - Pitching for Santa Fe Diablos : RHP Tomás Marte
Batting: RHB Tony Parker 0-0: Called Strike
0-1: Ball
1-1: Swinging Strike
1-2: Fly out, F7 (Flyball, 78D)
Batting: RHB Blair Whitehead 0-0: Called Strike
0-1: Foul Ball, location: 2F
0-2: SINGLE (Groundball, 4D)
Pinch Hitting: RHB Javier Peña 0-0: Foul Ball, location: 2F
0-1: Foul Ball, location: 2F
0-2: Foul Ball, location: 2F
0-2: Foul Ball, location: 2F
0-2: Ball
1-2: Strikes out swinging
Batting: LHB Wally Harris 0-0: Called Strike
0-1: Ball
1-1: Ball
2-1: Ball
3-1: Foul Ball, location: 2F
3-2: Foul Ball, location: 2F
3-2: Ground out 5-3 (Groundball, 56S)
Top of the 7th over - 0 run(s), 1 hit(s), 0 error(s), 1 left on base; West Virginia 9 - Santa Fe 8
BOTTOM OF THE 7TH
Santa Fe Diablos batting - Pitching for West Virginia Power : RHP António Zapata
Now in CF: Alonzo Herrera
Batting: LHB Luis Torres 0-0: Ball
1-0: Swinging Strike
1-1: Swinging Strike
1-2: Ground out 4-3 (Groundball, 4)
Batting: RHB Félix Campos 0-0: Fly out, F8 (Line Drive, 8RD)
Batting: LHB Javier Martínez 0-0: Called Strike
0-1: Ground out 4-3 (Groundball, 34)
Bottom of the 7th over - 0 run(s), 0 hit(s), 0 error(s), 0 left on base; West Virginia 9 - Santa Fe 8
TOP OF THE 8TH
West Virginia Power batting - Pitching for Santa Fe Diablos : RHP Tomás Marte
Batting: RHB Piotr Zahn 0-0: SINGLE (Flyball, 8RS)
Batting: RHB Luis Quezada 0-0: Ball
1-0: Sac Bunt - play at first, batter OUT! 1-4
Piotr Zahn to second
Pinch Hitting: RHB Juan Alberto 0-0: Ball
1-0: Ball
2-0: Ball
3-0: Called Strike
3-1: Foul Ball, location: 2F
3-2: Fly out, F5 (Line Drive, 5)
Batting: LHB Ken Nelson 0-0: Ball
1-0: Fly out, F9 (Flyball, 89D)
Top of the 8th over - 0 run(s), 1 hit(s), 0 error(s), 1 left on base; West Virginia 9 - Santa Fe 8
BOTTOM OF THE 8TH
Santa Fe Diablos batting - Pitching for West Virginia Power : RHP António Zapata
Pitching: RHP Rob Woods
Now in LF: Lorenzo Ayala
Batting: SHB Pancho Vásquez 0-0: Called Strike
0-1: Called Strike
0-2: Ball
1-2: DOUBLE (Flyball, 8RD)
Batting: LHB David Hernández 0-0: Ball
1-0: Called Strike
1-1: Swinging Strike
1-2: Ball
2-2: Foul Ball, location: 2F
2-2: Ground out 6-3 (Groundball, 6)
Pancho Vásquez to third
Batting: LHB Michael Barrett 0-0: Ball
1-0: Called Strike
1-1: Called Strike
1-2: Foul Ball, location: 2F
1-2: Fly out, F8 (Flyball, 8RD)
Runner from 3rd tags up, SCORES, no throw
Batting: LHB John Bond 0-0: Called Strike
0-1: Ball
1-1: Foul Ball, location: 2F
1-2: Foul Ball, location: 2F
1-2: Fly out, F7 (Flyball, 7LS)
Bottom of the 8th over - 1 run(s), 1 hit(s), 0 error(s), 0 left on base; West Virginia 9 - Santa Fe 9
TOP OF THE 9TH
West Virginia Power batting - Pitching for Santa Fe Diablos : RHP Tomás Marte
Pitching: RHP Jonathan Long
Batting: SHB Waylon Adams 0-0: Called Strike
0-1: Called Strike
0-2: Ball
1-2: Ball
2-2: Strikes out looking
Batting: RHB Tony Parker 0-0: Ball
1-0: Foul Ball, location: 2F
1-1: Ball
2-1: Ball
3-1: Foul Ball, location: 2F
3-2: Fly out, F4 (Popup, 4D)
Batting: RHB Blair Whitehead 0-0: Called Strike
0-1: Foul Ball, location: 2F
0-2: Foul Ball, location: 2F
0-2: Ball
1-2: Strikes out swinging
Top of the 9th over - 0 run(s), 0 hit(s), 0 error(s), 0 left on base; West Virginia 9 - Santa Fe 9
BOTTOM OF THE 9TH
Santa Fe Diablos batting - Pitching for West Virginia Power : RHP Rob Woods
Pinch Hitting: SHB Tex White 0-0: Ball
1-0: Fly out, F7 (Line Drive, 7)
Batting: LHB Juan Torres 0-0: Swinging Strike
0-1: Ball
1-1: Swinging Strike
1-2: Strikes out looking
Batting: LHB Luis Torres 0-0: Called Strike
0-1: Ball
1-1: Ground out 4-3 (Groundball, 34)
Bottom of the 9th over - 0 run(s), 0 hit(s), 0 error(s), 0 left on base; West Virginia 9 - Santa Fe 9
TOP OF THE 10TH
West Virginia Power batting - Pitching for Santa Fe Diablos : RHP Jonathan Long
Now at SS: Tim Adkins
Batting: RHB Alonzo Herrera 0-0: Called Strike
0-1: Ball
1-1: Ball
2-1: Ball
3-1: Base on Balls
Batting: LHB Wally Harris 0-0: Ball
Alonzo Herrera is caught stealing 2nd base
1-0: Called Strike
1-1: Foul Ball, location: 2F
1-2: Ball
2-2: Ball
3-2: Strikes out swinging
Batting: RHB Piotr Zahn 0-0: Fly out, F8 (Flyball, 8LM)
Top of the 10th over - 0 run(s), 0 hit(s), 0 error(s), 0 left on base; West Virginia 9 - Santa Fe 9
BOTTOM OF THE 10TH
Santa Fe Diablos batting - Pitching for West Virginia Power : RHP Rob Woods
Pinch Hitting: SHB Scott Compton 0-0: Ball
1-0: Fly out, F9 (Flyball, 9)
Batting: LHB Javier Martínez 0-0: Ball
1-0: Ball
2-0: Ball
3-0: Called Strike
3-1: SINGLE (Groundball, 34D)
Pinch Hitting: LHB Arturo Rodledo 0-0: Ground out 4-3 (Groundball, 34)
Javier Martínez to second
Batting: LHB David Hernández 0-0: Ball
1-0: Ball
2-0: Ground out 3-1 (Groundball, 34)
Bottom of the 10th over - 0 run(s), 1 hit(s), 0 error(s), 1 left on base; West Virginia 9 - Santa Fe 9
TOP OF THE 11TH
West Virginia Power batting - Pitching for Santa Fe Diablos : RHP Jonathan Long
Pitching: RHP Manuel Zarate
Now at 1B: Arturo Rodledo
Now in CF: Keith Jones
Pinch Hitting: LHB Júlio Martínez 0-0: Hit by Pitch
Batting: RHB Lorenzo Ayala 0-0: Ball
Throwing error on steal attempt, E2
Júlio Martínez to third
1-0: Ball
2-0: Squeeze Bunt - play home, runner OUT, batter safe! 5-2
Batting: LHB Ken Nelson 0-0: Fielders Choice at 2nd, 4-6 (Groundball, 4)
Batting: SHB Waylon Adams 0-0: Foul Ball, location: 2F
0-1: Ball
1-1: Fielders Choice at 2nd, 4-6 (Groundball, 34)
Top of the 11th over - 0 run(s), 0 hit(s), 1 error(s), 0 left on base; West Virginia 9 - Santa Fe 9
BOTTOM OF THE 11TH
Santa Fe Diablos batting - Pitching for West Virginia Power : RHP Rob Woods
Now at 2B: Greg Butterfield
Batting: LHB Michael Barrett 0-0: Ground out 6-3 (Groundball, 6M)
Batting: LHB John Bond 0-0: Called Strike
0-1: Foul Ball, location: 2F
0-2: Ball
1-2: Foul Ball, location: 2F
1-2: SINGLE (Line Drive, 78S)
Pinch Runner at 1st Chris Deem:
Batting: RHB Tim Adkins 0-0: Called Strike
0-1: Ball
1-1: Called Strike
Chris Deem steals 2nd base
1-2: Ball
2-2: Ball
3-2: Ground out 4-3 (Groundball, 4)
Chris Deem to third
Batting: LHB Juan Torres 0-0: Ball
1-0: Foul Ball, location: 2F
1-1: Ball
2-1: Foul Ball, location: 2F
2-2: Ball
3-2: Ground out 4-3 (Groundball, 4)
Bottom of the 11th over - 0 run(s), 1 hit(s), 0 error(s), 1 left on base; West Virginia 9 - Santa Fe 9
TOP OF THE 12TH
West Virginia Power batting - Pitching for Santa Fe Diablos : RHP Manuel Zarate
Batting: RHB Tony Parker 0-0: Called Strike
0-1: Foul Ball, location: 2F
0-2: Ball
1-2: Ball
2-2: Ball
3-2: Foul Ball, location: 2F
3-2: Ground out 5-3 (Groundball, 5)
Batting: RHB Blair Whitehead 0-0: Swinging Strike
0-1: Called Strike
0-2: Fly out, F8 (Flyball, 8RD)
Batting: RHB Alonzo Herrera 0-0: Swinging Strike
0-1: Foul Ball, location: 2F
0-2: Ball
1-2: Ball
2-2: Ball
3-2: Base on Balls
Batting: LHB Wally Harris 0-0: Ball
Alonzo Herrera is caught stealing 2nd base
Top of the 12th over - 0 run(s), 0 hit(s), 0 error(s), 0 left on base; West Virginia 9 - Santa Fe 9
BOTTOM OF THE 12TH
Santa Fe Diablos batting - Pitching for West Virginia Power : RHP Rob Woods
Pitching: RHP Manuel Montoya
Batting: LHB Luis Torres 0-0: Called Strike
0-1: Ball
1-1: Called Strike
1-2: Ball
2-2: Strikes out swinging
Batting: RHB Keith Jones 0-0: Called Strike
0-1: Ball
1-1: SINGLE (Line Drive, 8RS)
Batting: LHB Javier Martínez 0-0: Ball
1-0: Called Strike
1-1: Ball
2-1: Ball
3-1: SINGLE (Groundball, 34D)
Keith Jones to second
Throwing error, E9
Keith Jones scores
Tuesday, August 8th, 2017 - OOTP Baseball 17.12 Build 75